 Dungeon Crawl Stone Soup version 0.29.1-2-gbd0b4ee654 (webtiles) character file.

Game seed: 3878033287695415849

2517 raph the Basher (level 9, -2/63 (77) HPs)
             Began as a Minotaur Fighter on Oct 23, 2022.
             Was an Initiate of Yredelemnul.
             Slain by a wight
             ... wielding a +5 hand axe
              (12 damage)
             ... on level 7 of the Dungeon.
             The game lasted 00:08:44 (8638 turns).

raph the Basher (Minotaur Fighter)                  Turns: 8638, Time: 00:08:45

HP:   -2/63 (77)    AC: 16    Str: 20    XL:     9   Next: 29%
MP:   8/8           EV:  7    Int:  5    God:    Yredelemnul [......]
Gold: 346           SH:  0    Dex: 15    Spells: 8/8 levels left

rFire   . . .      SeeInvis .   a - +0 flail
rCold   . . .      Faith    .   c - +0 buckler
rNeg    . . .      Spirit   .   h - +0 plate armour
rPois   .          Reflect  .   (helmet restricted)
rElec   .          Harm     .   t - +2 cloak
rCorr   .          Rampage  .   (no gloves)
Will    +....                   (no boots)
Stlth   ..........              (no amulet)
HPRegen 0.20/turn               d - ring of willpower
MPRegen 0.11/turn               (no ring)

@: confused, ambrosia-drunk, hasted, heavily drained, very quick
A: horns 2, retaliatory headbutt
a: Renounce Religion, Recall Undead Harvest


You were on level 7 of the Dungeon.
You worshipped Yredelemnul.
Yredelemnul was noncommittal.
You visited 2 branches of the dungeon, and saw 9 of its levels.

You collected 409 gold pieces.
You spent 63 gold pieces at shops.

Inventory:

Hand Weapons
 a - a +0 flail (weapon)
 v - a +2 whip of flaming
Missiles
 f - 23 poisoned darts (quivered)
 q - 6 javelins
 B - 2 boomerangs
Armour
 b - a +0 scale mail
 c - a +0 buckler (worn)
 h - a +0 plate armour (worn)
 t - a +2 cloak (worn)
Jewellery
 d - a ring of willpower (left hand)
 g - an amulet of magic regeneration
 w - a ring of fire
Wands
 m - a wand of mindburst (6)
 u - a wand of flame (20)
 y - a wand of roots (12)
Scrolls
 o - a scroll of amnesia
 C - a scroll of butterflies
 D - a scroll of identify
Potions
 e - 2 potions of haste
 i - 3 potions of mutation
 j - a potion of ambrosia
 k - 2 potions of degeneration {unknown}
 l - 4 potions of curing {unknown}
 n - a potion of lignification {unknown}
 p - 2 potions of brilliance {unknown}
 r - 2 potions of cancellation {unknown}
 s - 4 potions of attraction {unknown}
 x - a potion of might
 z - 2 potions of flight {unknown}
 A - a potion of berserk rage {unknown}


   Skills:
 + Level 6.3 Fighting
 + Level 11.0 Maces & Flails
 + Level 6.3 Armour
 + Level 4.5 Dodging
 + Level 6.4 Shields
 + Level 0.6 Invocations


You had 8 spell levels left.
You didn't know any spells.
Your spell library contained the following spells:

 Spells                   Type           Power      Damage    Failure   Level
 Freeze                   Ice            0%         1d3       100%        1
 Magic Dart               Conj           0%         1d3       100%        1
 Summon Small Mammal      Summ           0%         N/A       100%        1
 Blink                    Tloc           0%         N/A       100%        2
 Call Imp                 Summ           0%         N/A       100%        2
 Ensorcelled Hibernation  Hex/Ice        0%         N/A       100%        2
 Passwall                 Tmut/Erth      0%         N/A       100%        2
 Call Canine Familiar     Summ           0%         N/A       100%        3
 Frozen Ramparts          Ice            0%         1d1       100%        3
 Lesser Beckoning         Tloc           0%         N/A       100%        3
 Mephitic Cloud           Conj/Pois/Air  0%         N/A       100%        3
 Summon Guardian Golem    Hex/Summ       0%         N/A       100%        3
 Swiftness                Air            0%         N/A       100%        3
 Hailstorm                Conj/Ice       0%         3d3       100%        4
 Summon Lightning Spire   Summ/Air       0%         N/A       100%        4
 Manifold Assault         Tloc           0%         N/A       100%        5
 Storm Form               Tmut/Air       0%         N/A       100%        7
 Maxwell's Capacitive Co  Air            0%         ∞         100%        8


Dungeon Overview and Level Annotations

Branches:
Dungeon (8/15)             Temple (1/1) D:5
   Lair: D:8-11

Altars:
Cheibriados
Dithmenos
Elyvilon
Fedhas
Gozag
Hepliaklqana
Kikubaaqudgha
Makhleb
Nemelex Xobeh
Okawaru
Qazlal
Ru
Sif Muna
Trog
Uskayaw
Vehumet
Wu Jian
Yredelemnul
Zin
The Shining One

Shops:
D:1 (   D:4 [

Annotations:
D:5 1 runed translucent door, mcbry74's ghost, novice MiBe


Innate Abilities, Weirdness & Mutations

You have a pair of horns on your head.
You reflexively headbutt those who attack you in melee.


Message History

You are too injured to fight recklessly!
You are too injured to fight recklessly!
You are too injured to fight recklessly!
You barely miss the wight. The wight barely misses you.
You furiously retaliate!
You headbutt the wight. The wight barely misses you. You furiously retaliate!
You headbutt the wight. You barely miss the wight.
You headbutt the wight, but do no damage.
The wight is lightly damaged.
You block the wight's attack. x2
The wight barely misses you. You furiously retaliate!
You headbutt the wight, but do no damage.
The wight barely misses you.
You climb upwards.
There is a stone staircase leading down here.
You barely miss the wight.
The wight is moderately damaged.
You block the wight's attack. x2
You feel yourself speed up. The wight hits you with a +5 hand axe!
You feel drained.
The wight hits you with a +4 great sword.
You feel drained.
* * * LOW HITPOINT WARNING * * *
You closely miss the wight.
The wight is moderately damaged.
You sock the wight!
The wight is almost destroyed.
The wight hits you but does no damage.
The wight hits you with a +4 great sword!
* * * LOW HITPOINT WARNING * * *
You feel drained.
* * * LOW HITPOINT WARNING * * *
You barely miss the wight.
The wight is almost destroyed.
The wight hits you but does no damage. x2
You are confused.
You feel invigorated.
You bump into the rock wall.
The wight hits you with a +5 hand axe!
You die...
Your body rises from the dead as a mindless zombie.

.............# ..#####..###.#
..#≈≈≈#...##Z#########
..#≈≈≈#..............#########
..#≈≈≈#...##Z######.....#*≈≈≈#
..#####..###.# #..########*
.........###.### #..# #..#
...............####..# #.##
###.######.....z@z...# #.#
#.######.#.#.#####.# #.#
###..ZZ..........# #.# #.#
..ZZZ.####.....#.# #.# #.#
.#########...###.# #.# #.#*#
.#≈## #......###Z# #Z# #.#≈##
.#≈≈###.###..##..# #.#
#*#.#≈≈# .#≈≈≈##.# #..##'##
#.###≈#.#≈≈# .######.###..##_#
#.##≈≈#.#≈≈#


You could see 2 wights.

Vanquished Creatures
  Pikel (D:6)
  A kobold demonologist (D:6)
  A water moccasin (D:6)
  An ogre (D:5)
  A black bear (D:6)
  2 centaurs
  A bullfrog (D:7)
  A scorpion (D:5)
  7 wights
  3 killer bees (D:7)
  2 hounds
  An orc priest (D:6)
  3 iguanas
  2 orc wizards (D:6)
  3 adders
  5 gnolls
  A white imp (D:7)
  An ufetubus (D:4)
  8 worms
  A dart slug (D:4)
  8 orcs
  8 ball pythons
  5 endoplasms
  A giant cockroach (D:2)
  9 goblins
  6 hobgoblins
  8 jackals
  3 quokkas
  4 bats
  2 frilled lizards (D:1)
  16 kobolds
  7 rats
123 creatures vanquished.

Vanquished Creatures (collateral kills)
  A steam dragon (D:7)
  A water moccasin (D:7)
  A kobold brigand (D:7)
  A necrophage (D:5)
  A hound (D:7)
  An orc (D:6)
  2 kobolds (D:7)
8 creatures vanquished.

Vanquished Creatures (others)
  A killer bee zombie (D:7)
  A hound zombie (D:7)
  An iguana zombie (D:7)
  3 kobold zombies (D:7)
  An orc zombie (D:6)
7 creatures vanquished.

Grand Total: 138 creatures vanquished

Notes
Turn   | Place    | Note
-------+----------+-------------------------------------------
     0 | D:1      | raph the Minotaur Fighter began the quest for the Orb.
     0 | D:1      | Reached XP level 1. HP: 19/19 MP: 0/0
    48 | D:1      | Found a faded altar of an unknown god.
    53 | D:1      | Reached skill level 3 in Maces & Flails
    59 | D:1      | Reached XP level 2. HP: 9/26 MP: 1/1
   420 | D:1      | Reached skill level 4 in Maces & Flails
   521 | D:1      | Reached XP level 3. HP: 31/31 MP: 2/2
   623 | D:1      | Found Pihaeb Fofy's Weapon Boutique.
  1064 | D:2      | Reached skill level 5 in Maces & Flails
  1071 | D:2      | Reached XP level 4. HP: 36/39 MP: 3/3
  1437 | D:2      | Reached skill level 6 in Maces & Flails
  2448 | D:3      | Reached XP level 5. HP: 42/45 MP: 4/4
  2890 | D:4      | Found Haeqatou's Armour Shoppe.
  3391 | D:4      | Bought a +0 cloak for 63 gold pieces
  3428 | D:4      | You fall into a shaft and drop 1 floor!
  3428 | D:5      | Entered Level 5 of the Dungeon
  3679 | D:4      | Found a snail-covered altar of Cheibriados.
  3823 | D:5      | Reached skill level 7 in Maces & Flails
  3872 | D:5      | Found a staircase to the Ecumenical Temple.
  3878 | Temple   | Entered the Ecumenical Temple
  4004 | Temple   | Became a worshipper of Yredelemnul the Dark
  4058 | D:5      | Noticed an ogre
  4058 | D:5      | Noticed a centaur
  4075 | D:5      | Killed a centaur
  4076 | D:5      | Reached XP level 6. HP: 37/51 MP: 5/5
  4079 | D:5      | Reached * piety under Yredelemnul
  4080 | D:5      | Reached skill level 8 in Maces & Flails
  4465 | D:5      | Found a runed translucent door.
  4465 | D:5      | Noticed mcbry74's ghost (novice MiBe)
  4601 | D:5      | Reached skill level 9 in Maces & Flails
  4739 | D:6      | Noticed a water moccasin
  4747 | D:6      | Killed a water moccasin
  4748 | D:6      | Reached XP level 7. HP: 42/57 MP: 6/6
  5637 | D:6      | Found a hazy altar of Hepliaklqana.
  5637 | D:6      | Found a white marble altar of Elyvilon.
  5638 | D:6      | Found a radiant altar of Vehumet.
  5638 | D:6      | Found a glowing silver altar of Zin.
  5638 | D:6      | Found a glowing golden altar of the Shining One.
  5640 | D:6      | Found a shadowy altar of Dithmenos.
  5640 | D:6      | Found a sacrificial altar of Ru.
  5788 | D:6      | Noticed Pikel
  5816 | D:6      | Killed Pikel
  5817 | D:6      | Reached skill level 10 in Maces & Flails
  5817 | D:6      | Reached XP level 8. HP: 47/67 MP: 7/7
  6195 | D:6      | Found an ancient bone altar of Kikubaaqudgha.
  6203 | D:6      | Reached skill level 5 in Shields
  6210 | D:6      | Reached skill level 5 in Fighting
  6210 | D:6      | Reached skill level 5 in Armour
  6259 | D:6      | Noticed a kobold demonologist
  6271 | D:6      | Noticed an orange demon
  6271 | D:6      | Killed a kobold demonologist
  7020 | D:7      | Identified the +5 long sword "Zomaruint" {freeze, rPois}
  7142 | D:7      | Reached XP level 9. HP: 27/75 MP: 8/8
  7561 | D:7      | Found a bloodstained altar of Trog.
  7692 | D:7      | Reached ** piety under Yredelemnul
  8293 | D:8      | Reached skill level 11 in Maces & Flails
  8638 | D:7      | Slain by a wight

Illustrated notes

Levels and vault maps discovered:
D:1:      matt_arrival_diagonals, layout_basic,
          hellmonk_ecumenical_altar_pennies_from_heaven, serial_shops, shop,
          bh_walls_and_bars
D:2:      layout_loops_corners, dk_noncrumbling_4
D:3:      layout_loops_cross, chequers_serial_rivers_micro_b,
          chequers_serial_rivers_large_a, nicolae_wormholes
D:4:      layout_rooms, kennysheep_mini_moat, serial_shops,
          nicolae_shop_competitors_out_of_business
D:5:      layout_loops_cross, minmay_temple_entry_hall,
          hellmonk_ghost_happy_afterlife
D:6:      layout_basic, lemuel_doored_altar, grunt_temple_overflow_open,
          uniq_pikel
D:7:      layout_loops_ring, kennysheep_mini, serial_aquarium,
          aquarium_bridge_square [aquarium_subvault_bridge,
          aquarium_subvault_window, aquarium_subvault_bridge,
          aquarium_subvault_wall], aquarium_bridge_square
          [aquarium_subvault_bridge, aquarium_subvault_bridge,
          aquarium_subvault_balcony, aquarium_subvault_window],
          aquarium_window_1, aquarium_window_fake, aquarium_window_corridor_1,
          aquarium_window_corner, aquarium_view_2a, aquarium_balcony_5b,
          aquarium_pool_2
D:8:      hangedman_cross_stitches, layout_basic, mainiacjoe_overflow_chevrons,
          nicolae_ashenzari_panopticon, ebering_dispersal_statue_hall,
          hangedman_decor_riveting
Temple:   nicolae_temple_two_arcs

Skill      XL: |  1  2  3  4  5  6  7  8  9 |
---------------+----------------------------+-----
Maces & Flails | 3 4 5 6 7 9 10 11 | 11.0
Fighting       | 4 5 6 |  6.3
Armour         | 4 5 6 |  6.3
Dodging        | 2 3 4 |  4.5
Shields        | 4 5 6 |  6.4
Invocations    | |  0.6

Action                   |  1- 3 |  4- 6 |  7- 9 || total
-------------------------+-------+-------+-------++-------
Melee: Flail             |    74 |   157 |   167 ||   398
       Headbutt          |     9 |    22 |    35 ||    66
Invok: Recall Undead Har |       |       |     3 ||     3
       Dark Bargain      |       |       |     1 ||     1
  Use: Scroll            |     3 |     6 |     5 ||    14
       Potion            |       |     1 |     4 ||     5
 Stab: Distracted        |       |     1 |       ||     1
Armor: Scale mail        |    12 |       |       ||    12
       Plate armour      |    21 |   102 |   105 ||   228
Dodge: Dodged            |    36 |    34 |    44 ||   114
Block: Buckler           |    16 |    33 |    44 ||    93
